 Dungeon Crawl Stone Soup version 0.20-a0-351-gc9b4002 (webtiles) character file.

389 kr4n3x the Conjurer (level 6, 21/32 HPs)
             Began as a Deep Elf Conjurer on Dec 25, 2016.
             Was a Follower of Sif Muna.
             Quit the game on level 4 of the Dungeon on Jan 25, 2017.
             The game lasted 00:14:57 (3981 turns).

kr4n3x the Conjurer (Deep Elf Conjurer)             Turns: 3981, Time: 00:14:58

Health: 21/32      AC:  4    Str:  5    XL:     6   Next: 49%
Magic:  7/16       EV: 13    Int: 22    God:    Sif Muna [*.....]
Gold:   145        SH:  0    Dex: 15    Spells: 1/16 levels left

rFire  . . .     SeeInvis .     m - +1 dagger (freeze)
rCold  . . .     Gourm    .     a - +0 robe
rNeg   . . .     Faith    .     (no shield)
rPois  .         Spirit   .     k - +0 helmet
rElec  .         Reflect  .     (no cloak)
rCorr  .         Harm     .     (no gloves)
MR     .....                    q - +0 pair of boots
Stlth  ++........               (no amulet)
                                (no ring)
                                (no ring)

@: mildly poisoned (21 -> 16)
A: no striking features
a: Divine Energy, Renounce Religion


You were on level 4 of the Dungeon.
You worshipped Sif Muna.
Sif Muna was aware of your devotion.
You were not hungry.

You visited 2 branches of the dungeon, and saw 6 of its levels.

You collected 145 gold pieces.

Inventory:

Hand Weapons
 m - a +1 dagger of freezing (weapon)
Armour
 a - a +0 robe (worn)
 k - a +0 helmet (worn)
 p - a +0 buckler
 q - a +0 pair of boots (worn)
Scrolls
 j - 2 scrolls of magic mapping {unknown}
 l - a scroll of enchant armour {unknown}
 n - a scroll of teleportation
 r - 2 scrolls of enchant weapon {unknown}
 v - a scroll of remove curse
Potions
 e - a potion of ambrosia {unknown}
 g - 4 potions of might
 i - a potion of berserk rage {unknown}
 o - a potion of curing
 s - a potion of flight {unknown}
 t - 2 potions of lignification {unknown}
Books
 b - a book of Conjurations

   Spells                             Type                      Level
   a - Magic Dart                     Conjuration                  1
   b - Searing Ray                    Conjuration                  2
   c - Dazzling Spray                 Conjuration/Hexes            3
   d - Fulminant Prism                Conjuration/Hexes            4
   e - Iskenderun's Mystic Blast      Conjuration                  4
   f - Iskenderun's Battlesphere      Conjuration/Charms           5
Comestibles
 c - 3 bread rations
 d - a slice of pizza
 f - a royal jelly
 h - 2 meat rations
 u - 2 chunks of flesh


   Skills:
 - Level 2.7 Dodging
 - Level 2.4 Stealth
 + Level 1.4 Shields
 + Level 5.5 Spellcasting
 * Level 6.7 Conjurations
 * Level 3.1 Charms


You had one spell level left.
You knew the following spells:

 Your Spells              Type           Power        Failure   Level  Hunger
a - Magic Dart            Conj           ####         1%          1    None
b - Searing Ray           Conj           #####.       1%          2    None
c - Dazzling Spray        Conj/Hex       ###...       10%         3    ##.....
d - Iskenderun's Battles  Conj/Chrm      ####....     38%         5    #####..
e - Iskenderun's Mystic   Conj           #####...     8%          4    ####...


Dungeon Overview and Level Annotations

Branches:
Dungeon (5/15)             Temple (1/1) D:4

Altars:
Ashenzari
Hepliaklqana
Makhleb
Sif Muna


Message History

Confirm with . or Enter, or press ? or * to list all spells.
You can't see any susceptible monsters within range! (Use Z to cast anyway.)
Casting: Magic Dart
Confirm with . or Enter, or press ? or * to list all spells.
You can't see any susceptible monsters within range! (Use Z to cast anyway.)
Casting: Magic Dart
Confirm with . or Enter, or press ? or * to list all spells.
The spell is very dangerous to cast!
Continue anyway? [Y]es or [N]o only, please.
The spell is very dangerous to cast!
Continue anyway? [Y]es or [N]o only, please.
The spell is very dangerous to cast!
Continue anyway? [Y]es or [N]o only, please.
The spell is very dangerous to cast!
Continue anyway?
Okay, then.
Saving game... please wait.
Welcome back, kr4n3x the Deep Elf Conjurer.
Sif Muna whispers: I know many secrets...
Press ? for a list of commands and other information.
Are you sure you want to abandon this character and quit the game? (Confirm with "yes".)

#.###.........[........##
#########.#####.########.######.#
..(.)..##.#...#......# #.######..
..........#.>.######.# #.........
.#####.##.#....# #.# ########.#
## #...##.##...## #.# #..
#.#######....## #.# #.#
####.########....###.# #.#
............#.8.@.##)# #.#
####.########.....##.# ##. #.#
#....#.##.## ## #.#
##...##.....###### # #.#
#....####........# #.# #.>.##
#...####.###### #.# #...#
##............. ####.# #####
#.#####.###### .....# #.# #รท#


There were no monsters in sight!

Vanquished Creatures
  A scorpion (D:4)
  A howler monkey (D:4)
  A hound (D:4)
  A gnoll shaman (D:4)
  A worker ant (D:4)
  8 gnolls
  6 adders
  2 oozes
  4 dart slugs
  5 leopard geckos
  7 bats
  7 giant cockroaches
  6 goblins
  6 hobgoblins
  4 jackals
  4 frilled lizards
  10 kobolds
  5 rats
79 creatures vanquished.

Notes
Turn   | Place    | Note
-------+----------+-------------------------------------------
     0 | D:1      | kr4n3x the Deep Elf Conjurer began the quest for the Orb.
     0 | D:1      | Reached XP level 1. HP: 10/10 MP: 6/6
    84 | D:1      | Reached XP level 2. HP: 11/15 MP: 0/8
   156 | D:1      | Learned a level 2 spell: Searing Ray
   885 | D:1      | Reached skill level 5 in Conjurations
   906 | D:1      | Reached XP level 3. HP: 19/19 MP: 1/10
  1516 | D:2      | Reached XP level 4. HP: 18/24 MP: 0/12
  1735 | D:2      | Learned a level 3 spell: Dazzling Spray
  1832 | D:2      | Found a burning altar of Makhleb.
  1835 | D:2      | Found a deep blue altar of Sif Muna.
  1838 | D:2      | Found a shattered altar of Ashenzari.
  1841 | D:2      | Found a hazy altar of Hepliaklqana.
  1847 | D:2      | Became a worshipper of Sif Muna the Loreminder
  2523 | D:3      | Reached skill level 6 in Conjurations
  2696 | D:4      | Reached skill level 5 in Spellcasting
  2696 | D:4      | Reached XP level 5. HP: 28/28 MP: 9/14
  2703 | D:4      | Learned a level 5 spell: Iskenderun's Battlesphere
  2921 | D:4      | Found a staircase to the Ecumenical Temple.
  2927 | D:4      | Reached skill level 1 in Charms
  2944 | D:4      | Reached skill level 1 in Shields
  3152 | D:4      | Reached XP level 6. HP: 27/32 MP: 8/15
  3158 | D:4      | Learned a level 4 spell: Iskenderun's Mystic Blast
  3179 | D:4      | HP: 1/32 [gnoll/halberd (10)]
  3226 | Temple   | Entered the Ecumenical Temple
  3544 | D:4      | Reached * piety under Sif Muna
  3927 | D:5      | Entered Level 5 of the Dungeon
  3981 | D:4      | Quit the game

Vault maps used:
D:1:      scummos_arrival_forest
D:2:      grunt_temple_overflow_cloverleaf, minmay_misc_feat_tiny,
          minmay_misc_feat_iff
D:4:      first_bread, grunt_ministairs_12
D:5:      cheibrodos_ashenzari_chains
Temple:   regret_index_temple_waves

Skill      XL: |  1  2  3  4  5  6 |
---------------+-------------------+-----
Conjurations   | 5 6 |  6.7
Spellcasting   | 4 5 |  5.5
Charms         | 1 3 |  3.1
Shields        | 1 |  1.4
Dodging        | |  2.7
Stealth        | |  2.4

Action                   |  1- 3 |  4- 6 || total
-------------------------+-------+-------++-------
Melee: Club              |     2 |       ||     2
       Dagger            |     5 |       ||     5
 Cast: Magic Dart        |    75 |   132 ||   207
       Dazzling Spray    |       |     2 ||     2
  Use: Scroll            |       |     7 ||     7
       Potion            |       |     1 ||     1
  Eat: Chunk             |     2 |     7 ||     9
Armor: Robe              |     1 |     4 ||     5
Dodge: Dodged            |    17 |    21 ||    38
